 Dungeon Crawl Stone Soup version 0.27-a0-346-ga689d4a613 (webtiles) character file.

Game seed: 14578118905513967481

298 sahdkjhfkaj the Thaumaturge (level 6, 0/32 HPs)
             Began as a Deep Elf Hedge Wizard on Feb 15, 2021.
             Slain by a phantom (2 damage)
             ... on level 3 of the Dungeon.
             The game lasted 00:12:40 (5169 turns).

sahdkjhfkaj the Thaumaturge (Deep Elf Hedge Wizard) Turns: 5169, Time: 00:12:41

Health: 0/32       AC:  3    Str:  7    XL:     6   Next: 13%
Magic:  7/20       EV: 13    Int: 21    God:
Gold:   202        SH:  0    Dex: 14    Spells: 10/23 levels left

rFire    . . .     SeeInvis .   a - +1 whip (drain)
rCold    . . .     Faith    .   (no shield)
rNeg     . . .     Spirit   .   b - +0 robe
rPois    .         Reflect  .   c - +0 hat
rElec    .         Harm     .   d - +0 cloak
rCorr    .         Rampage  .   (no gloves)
Will     .....                  (no boots)
Stlth    ++........             (no amulet)
HPRegen  0.10/turn              (no ring)
MPRegen  0.17/turn              (no ring)

@: no status effects
A: no striking features
a: no special abilities


You were on level 3 of the Dungeon.
You visited 1 branch of the dungeon, and saw 4 of its levels.
You also visited: Ossuary.

You collected 202 gold pieces.

Inventory:

Hand Weapons
 a - a +1 whip of draining (weapon)
   (You took it off a kobold on level 2 of the Dungeon)
Missiles
 g - 2 throwing nets {!f}
Armour
 b - a +0 robe (worn)
 c - a +0 hat (worn)
 d - a +0 cloak (worn)
   (You found it on level 1 of the Dungeon)
Wands
 x - a wand of acid (7)
   (You found it on level 2 of the Dungeon)
Scrolls
 e - 2 scrolls of blinking
 l - a scroll of enchant armour {unknown}
 m - a scroll of magic mapping
 n - 2 scrolls of teleportation {unknown}
 p - 2 scrolls of enchant weapon {unknown}
 r - a scroll of amnesia {unknown}
 t - a scroll of fog {unknown}
Potions
 f - a potion of berserk rage
 h - 2 potions of invisibility
 i - a potion of magic
 j - 2 potions of ambrosia
 k - a potion of haste {@q3}
 o - 2 potions of attraction {unknown}
 q - a potion of lignification {!q}
 s - a potion of curing {unknown}
 u - a potion of resistance {unknown}


   Skills:
 - Level 2.4 Dodging
 - Level 2.4 Stealth
 - Level 9.0 Spellcasting
 - Level 1.1 Conjurations
 + Level 2.2 Hexes
 - Level 1.1 Summonings
 - Level 1.1 Translocations


You had 10 spell levels left.
You knew the following spells:

 Your Spells              Type           Power        Failure   Level
a - Magic Dart            Conj           56%          4%          1
b - Blink                 Tloc           N/A          7%          2
d - Conjure Flame         Conj/Fire      11%          17%         3
f - Mephitic Cloud        Conj/Pois/Air  10%          19%         3
s - Slow                  Hex            19%          4%          2
x - Call Imp              Summ           14%          7%          2

Your spell library contained the following spells:

 Spells                   Type           Power        Failure   Level


Dungeon Overview and Level Annotations

Branches:
Dungeon (4/15)            Ossuary (visited)
 Temple: D:4-7

Altars:
Elyvilon
Qazlal


Message History

Aim: a phantom (0% to evade)
The magic dart hits the phantom.
Aim: a phantom (lightly damaged, 0% to evade)
The magic dart hits the phantom.
Aim: a phantom (moderately damaged, 0% to evade)
The magic dart hits the phantom.
Aim: a phantom (moderately damaged, 0% to evade)
The magic dart hits the phantom.
Aim: a phantom (moderately damaged, 0% to evade)
The magic dart hits the phantom but does no damage.
Aim: a phantom (moderately damaged, 0% to evade)
The magic dart hits the phantom.
Aim: a phantom (moderately damaged, 0% to evade)
The magic dart hits the phantom.
The phantom closely misses you.
Aim: a phantom (heavily damaged, 0% to evade)
The magic dart hits the phantom.
The phantom hits you.
Aim: a phantom (severely damaged, 0% to evade)
The magic dart hits the phantom.
The phantom closely misses you.
Aim: a phantom (severely damaged, 0% to evade)
You miscast Magic Dart.
You are very lightly contaminated with residual magic.
Nothing appears to happen.
The phantom hits you!
* * * LOW HITPOINT WARNING * * *
The phantom blinks!
You blink.
Unknown command.
Aim: a phantom (severely damaged, 0% to evade)
The magic dart hits the phantom but does no damage.
The phantom hits you.
* * * LOW HITPOINT WARNING * * *
Unknown command.
Unknown command.
Unknown command.
Aim: a phantom (severely damaged, 0% to evade)
The magic dart hits the phantom but does no damage.
The phantom barely misses you.
Unknown command.
Unknown command.
Aim: a phantom (severely damaged, 0% to evade)
The magic dart hits the phantom.
The phantom hits you!
* * * LOW HITPOINT WARNING * * *
Unknown command.
Okay, then.
Your magical contamination has completely faded away.
The phantom hits you.
You die...

.# #.# ###...).....# #.# .#
#.# #.....#####.# #.# .#
#.###......## #.# #.# .#
#..##..)...(###.###.#
.#######.#.........##.....#
..................###.#####
.................## #.#
.........##.#..W#####.#
.........##.#...@.....#
###########.......#####
#########


You could see a phantom.

Vanquished Creatures
  A vampire bat (D:3)
  A centaur skeleton (D:4)
  An orc wizard (D:4)
  A worker ant (D:4)
  2 mummies
  4 adders
  2 oozes
  3 worms
  A dart slug (D:1)
  4 leopard geckos
  13 orcs
  4 giant cockroaches
  A gnoll zombie (Ossuary)
  6 goblins
  2 hobgoblins
  2 jackals (D:3)
  2 quokkas
  2 ball pythons
  12 bats
  7 frilled lizards
  3 hobgoblin zombies (Ossuary)
  6 kobolds
  A kobold zombie (Ossuary)
  A leopard gecko skeleton (D:4)
  2 orc zombies (Ossuary)
  9 rats
93 creatures vanquished.

Vanquished Creatures (others)
  6 plants (D:3)
6 creatures vanquished.

Grand Total: 99 creatures vanquished

Notes
Turn   | Place    | Note
-------+----------+-------------------------------------------
     0 | D:1      | sahdkjhfkaj the Deep Elf Hedge Wizard began the quest for
                  | the Orb.
     0 | D:1      | Reached XP level 1. HP: 10/10 MP: 7/7
   176 | D:1      | Reached skill level 5 in Spellcasting
   358 | D:1      | Reached XP level 2. HP: 15/15 MP: 8/10
   361 | D:1      | Learned a level 2 spell: Blink
  1010 | D:1      | Reached XP level 3. HP: 19/19 MP: 7/12
  1014 | D:1      | Learned a level 3 spell: Conjure Flame
  1018 | D:1      | Learned a level 3 spell: Mephitic Cloud
  1021 | D:1      | Learned a level 2 spell: Call Imp
  1160 | D:2      | Learned a level 2 spell: Slow
  1175 | D:2      | Found a white marble altar of Elyvilon.
  1290 | D:2      | Reached skill level 6 in Spellcasting
  1379 | D:2      | Found a stormy altar of Qazlal.
  1406 | D:2      | Noticed a fire elemental
  1407 | D:2      | Noticed an earth elemental
  1407 | D:2      | Noticed a water elemental
  1407 | D:2      | Noticed an air elemental
  2070 | D:2      | Reached XP level 4. HP: 24/24 MP: 7/14
  2265 | D:3      | Reached skill level 7 in Spellcasting
  2757 | D:3      | Reached XP level 5. HP: 28/28 MP: 10/17
  2928 | D:3      | Reached skill level 8 in Spellcasting
  3796 | D:4      | Found a sand-covered staircase.
  3801 | Ossuary  | Entered an ossuary
  4600 | D:4      | Reached skill level 9 in Spellcasting
  4600 | D:4      | Reached skill level 1 in Hexes
  4606 | D:4      | Reached XP level 6. HP: 30/32 MP: 5/20
  5165 | D:3      | HP: 1/32 [phantom (7)]
  5169 | D:3      | Slain by a phantom

Illustrated notes

Levels and vault maps discovered:
D:1:      saegor_arrival_simple_a, layout_loops_ring, minmay_misc_feat_five
D:2:      layout_basic, lemuel_round_altar, minivault_25, kennysheep_nub,
          nicolae_qazlal_style_of_elements
D:3:      layout_loops_ring, roderic_batcave, guppyfry_early_lair_pool
D:4:      layout_basic, lemuel_doored_altar, enter_ossuary_2

Skill      XL: |  1  2  3  4  5  6 |
---------------+-------------------+-----
Spellcasting   | 5 6 7 9 |  9.0
Hexes          | 1 2 |  2.2
Dodging        | |  2.4
Stealth        | |  2.4
Conjurations   | |  1.1
Summonings     | |  1.1
Translocations | |  1.1

Action                   |  1- 3 |  4- 6 || total
-------------------------+-------+-------++-------
Melee: Whip              |     8 |       ||     8
       Unarmed           |       |     7 ||     7
 Cast: Magic Dart        |    99 |   239 ||   338
       Conjure Flame     |       |     3 ||     3
       Blink             |       |     1 ||     1
       Slow              |       |     3 ||     3
  Use: Scroll            |     4 |     3 ||     7
       Potion            |       |     3 ||     3
Armor: Robe              |     3 |    12 ||    15
       Skin              |       |     8 ||     8
Dodge: Dodged            |    10 |    55 ||    65

Table legend: (Time is in decaauts)
 A = Elapsed time spent in this place.
 B = Non-inter-level travel time spent in this place.
 C = Inter-level travel time spent in this place.
 D = Time resting spent in this place.
 E = Time spent auto-exploring this place.
 F = Levels seen in this place.
 G = Mean time per level.
                   A        B        C        D        E       F      G
               +--------+--------+--------+--------+--------+-----+--------+
         Total |   5159 |   5039 |    120 |    385 |   3788 |   5 | 1031.8 |
       Dungeon |   4964 |   4844 |    120 |    243 |   3783 |   4 | 1241.0 |
       Ossuary |    194 |    194 |      0 |    142 |      5 |   1 |  194.0 |
               +--------+--------+--------+--------+--------+-----+--------+

Top non-repeatable levels by time:
     D:3: 1622 daAuts
     D:2: 1290 daAuts
     D:1: 1138 daAuts
     D:4: 913 daAuts
 Ossuary: 194 daAuts
